 Dungeon Crawl Stone Soup version 0.24.0-123-gd5b16e6ec5 (webtiles) character file.

Game seed: 3037472953881603478, levelgen mode: deterministic

173 Martska the Chiller (level 5, 0/38 HPs)
             Began as a Merfolk Ice Elementalist on Jan 31, 2020.
             Slain by an orc priest
             ... wielding a +0 trident
              (9 damage)
             ... on level 4 of the Dungeon.
             The game lasted 00:08:43 (4987 turns).

Martska the Chiller (Merfolk Ice Elementalist)      Turns: 4987, Time: 00:08:43

Health: 0/38       AC:  3    Str:  8    XL:     5   Next: 53%
Magic:  1/9        EV: 13    Int: 14    God:
Gold:   160        SH:  3    Dex: 16    Spells: 8/9 levels left

rFire    . . .     SeeInvis .   m - +1 dagger (pain)
rCold    . . .     Gourm    .   n - +0 buckler
rNeg     . . .     Faith    .   f - +0 leather armour
rPois    .         Spirit   .   (no helmet)
rElec    .         Reflect  .   (no cloak)
rCorr    .         Harm     .   (no gloves)
MR       .....                  (no boots)
Stlth    ++........             (no amulet)
HPRegen  0.12/turn              (no ring)
MPRegen  0.11/turn              (no ring)

@: very slightly contaminated
A: change form in water, swift swim, stealthy swim
a: no special abilities


You were on level 4 of the Dungeon.
You were not hungry.

You visited 1 branch of the dungeon, and saw 4 of its levels.

You collected 160 gold pieces.

Inventory:

Hand Weapons
 d - a +0 dagger
 m - a +1 dagger of pain (weapon)
Armour
 a - a +0 robe
 f - a +0 leather armour (worn)
 n - a +0 buckler (worn)
Scrolls
 e - 2 scrolls of enchant weapon {unknown}
 g - 3 scrolls of identify {unknown}
 h - a scroll of amnesia {unknown}
 i - 2 scrolls of remove curse {unknown}
 j - 4 scrolls of teleportation {unknown}
 l - 2 scrolls of magic mapping {unknown}
 p - a scroll of random uselessness {unknown}
Potions
 b - a potion of curing
 k - 2 potions of haste {unknown}
 o - a potion of heal wounds {unknown}
Comestibles
 c - 4 rations


   Skills:
 + Level 2.2 Fighting
 + Level 4.0 Dodging
 + Level 3.4 Stealth
 + Level 2.9 Spellcasting
   Level 0.7 Conjurations
 + Level 4.1 Ice Magic


You had 8 spell levels left.
You knew the following spells:

 Your Spells              Type           Power        Failure   Level  Hunger
a - Freeze                Ice            ##..         10%         1    #......

Your spell library contained the following spells:

 Spells                   Type           Power        Failure   Level  Hunger
 Throw Frost              Conj/Ice       #.....       30%         2    ##.....
 Ozocubu's Armour         Chrm/Ice       #.......     56%         3    ###....
 Throw Icicle             Conj/Ice       #.......     89%         4    #####..
 Summon Ice Beast         Ice/Summ       #.......     92%         4    #####..


Dungeon Overview and Level Annotations

Branches:
Dungeon (4/15)
 Temple: D:4-7

Altars:


Message History

Aim: an orc priest, wielding a +0 trident and wearing a +0 scale mail (heavily wounded)
You miscast Freeze.
Nothing appears to happen.
The orc priest hits you with a +0 trident.
* * * LOW HITPOINT WARNING * * *
Casting: Freeze (safe; 10% risk of failure)
Confirm with . or Enter, or press ? or * to list all spells.
Aiming: Freeze (safe; 10% risk of failure)
Press: ? - help, Shift-Dir - straight line, f/p - orc priest
Aim: an orc priest, wielding a +0 trident and wearing a +0 scale mail (heavily wounded)
You freeze the orc priest.
The orc priest is heavily wounded.
Casting: Freeze (safe; 10% risk of failure)
Confirm with . or Enter, or press ? or * to list all spells.
Aiming: Freeze (safe; 10% risk of failure)
Press: ? - help, Shift-Dir - straight line, f/p - orc priest
Aim: an orc priest, wielding a +0 trident and wearing a +0 scale mail (heavily wounded)
You freeze the orc priest.
The orc priest is severely wounded.
The orc priest hits you with a +0 trident!
You die...

..# . #..#..# #.###
####..#..# .....
#....>#..# #....
#.....#...
#....####.....#..#
#.............#..# #
#.#....###..#..####.#
#......##.......<[..#
####'####.#.#.@###..#
######.####.#.#o.# .#
..............#..# #
.##..............#
.##.....###...#..###.
####### #..........
#...#.......
#........#.#
####........#.#


You could see an orc priest.

Vanquished Creatures
  2 orc priests
  A worker ant (D:4)
  3 adders (D:2)
  A dart slug (D:2)
  A leopard gecko (D:3)
  8 orcs
  2 giant cockroaches (D:2)
  5 goblins
  5 hobgoblins
  5 jackals
  5 bats
  2 frilled lizards
  6 kobolds
  7 rats
53 creatures vanquished.

Notes
Turn   | Place    | Note
-------+----------+-------------------------------------------
     0 | D:1      | Martska the Merfolk Ice Elementalist began the quest for
                  | the Orb.
     0 | D:1      | Reached XP level 1. HP: 13/13 MP: 3/3
   491 | D:1      | Reached XP level 2. HP: 20/20 MP: 1/5
  1657 | D:2      | Reached skill level 1 in Fighting
  1671 | D:2      | Reached XP level 3. HP: 11/26 MP: 4/6
  2158 | D:2      | Reached XP level 4. HP: 17/32 MP: 7/7
  3517 | D:3      | Reached XP level 5. HP: 37/38 MP: 9/9
  4987 | D:4      | Slain by an orc priest

Levels and vault maps discovered:
D:1:      lemuel_arrival_funnel, layout_basic, minmay_misc_feat_nine_boxes
D:2:      layout_loops_ring
D:3:      layout_basic
D:4:      layout_basic, minmay_temple_entry_ruins, minivault_24, fedhas_altar_1,
          uniq_pikel, uniq_crazy_yiuf_cottage

Skill      XL: |  1  2  3  4  5 |
---------------+----------------+-----
Dodging        | 3 4 |  4.0
Fighting       | 1 2 |  2.2
Stealth        | 3 |  3.4
Ice Magic      | 4 |  4.1
Spellcasting   | |  2.9
Conjurations   | |  0.7

Action                   |  1- 3 |  4- 6 || total
-------------------------+-------+-------++-------
Melee: Dagger            |   115 |    70 ||   185
       Unarmed           |     1 |       ||     1
 Cast: Freeze            |    24 |    42 ||    66
  Use: Potion            |     1 |       ||     1
 Stab: Sleeping          |     2 |       ||     2
  Eat: Chunk             |     2 |       ||     2
       Ration            |     1 |     3 ||     4
Armor: Robe              |     7 |       ||     7
       Leather armour    |    29 |    38 ||    67
Dodge: Dodged            |   106 |   105 ||   211
Block: Buckler           |       |     2 ||     2
